 Dungeon Crawl Stone Soup version 0.28.0-43-g3370ac3207 (webtiles) character file.

Game seed: 13804480009112266958

24147 DrunkBamboolord the Stormcaller (level 13, -2/63 HPs)
             Began as a Tengu Air Elementalist on Mar 6, 2022.
             Was an Elder of Vehumet.
             Slain by a death yak (18 damage)
             ... on level 6 of the Lair of Beasts on Mar 7, 2022.
             The game lasted 00:53:53 (19533 turns).

DrunkBamboolord the Stormcaller (TeAE)             Turns: 19533, Time: 00:53:53

Health: -2/63      AC:  8    Str: 10    XL:     13   Next: 11%
Magic:  30/30      EV: 17    Int: 20    God:    Vehumet [****..]
Gold:   932        SH: 12    Dex: 14    Spells: 10/36 levels left

rFire   . . .      SeeInvis .   a - +1 trident of Dishonour {vorpal, rPois rF- rC+++ Will+}
rCold   + + +      Faith    .   B - +2 buckler
rNeg    . . .      Spirit   .   l - +2 robe {Archmagi}
rPois   +          Reflect  +   (helmet restricted)
rElec   .          Harm     .   H - +1 cloak
rCorr   .          Rampage  .   z - +1 pair of gloves
Will    +....      Archmagi +   (boots unavailable)
Stlth   ++........              A - amulet of reflection
HPRegen 0.20/turn               D - ring of wizardry
MPRegen 0.22/turn               q - ring of protection from fire

@: flying quickly and evasively, quick
A: beak, talons 3, nimble flight
a: Renounce Religion


You were on level 6 of the Lair of Beasts.
You worshipped Vehumet.
Vehumet was greatly pleased with you.
You visited 3 branches of the dungeon, and saw 16 of its levels.

You collected 932 gold pieces.

Inventory:

Hand Weapons
 a - the +1 trident of Dishonour (weapon) {vorpal, rPois rF- rC+++ Will+}
   (You found it on level 3 of the Dungeon)

   It inflicts extra damage upon your enemies.
   rF:        It makes you vulnerable to fire.
   rC:        It renders you almost immune to cold.
   rPois:     It protects you from poison.
   Will:      It increases your willpower.
Missiles
 k - 3 silver boomerangs
Armour
 l - a +2 robe of the Archmagi (worn)
 p - the +7 scale mail "Juog" {Rampage rElec}
   (You found it on level 6 of the Dungeon)

   rElec:     It insulates you from electricity.
   Rampage:   It bestows one free step when moving towards enemies.
 w - +0 steam dragon scales
 z - a +1 pair of gloves (worn)
 B - a +2 buckler (worn)
 H - a +1 cloak (worn)
Jewellery
 n - a +4 ring of evasion
 q - a ring of protection from fire (right hand)
 A - an amulet of reflection (around neck)
 D - a ring of wizardry (left hand)
 F - a +4 ring of protection
 I - an amulet of guardian spirit
Wands
 g - a wand of flame (8)
 s - a wand of iceblast (3)
 t - a wand of acid (12)
 v - a wand of digging (4)
Scrolls
 i - 3 scrolls of blinking
 j - 2 scrolls of summoning
 m - 2 scrolls of fear
 u - a scroll of torment
 x - 2 scrolls of amnesia
 y - 2 scrolls of vulnerability
 C - 2 scrolls of noise
 E - 4 scrolls of enchant weapon
 K - a scroll of magic mapping
 L - a scroll of immolation
Potions
 b - 11 potions of curing
 c - 4 potions of mutation
 d - 5 potions of brilliance
 e - 3 potions of heal wounds
 f - 3 potions of might {unknown}
 h - a potion of lignification {unknown}
 o - a potion of attraction {unknown}
 r - a potion of flight {unknown}
 G - 3 potions of cancellation
 J - a potion of resistance {unknown}


   Skills:
 - Level 0.9 Polearms
 * Level 6.6 Dodging
 + Level 3.3 Stealth
 * Level 5.5 Shields
 * Level 12.4 Spellcasting
 * Level 11.4 Conjurations
 * Level 2.3 Fire Magic
 * Level 16.0 Air Magic
 - Level 0.1 Evocations


You had 10 spell levels left.
You knew the following spells:

 Your Spells              Type           Power      Damage    Failure   Level
a - Shock                 Conj/Air       100%       1d9       1%          1
b - Static Discharge      Conj/Air       79%        N/A       1%          2
c - Swiftness             Air            86%        N/A       1%          3
d - Airstrike             Air            43%        N/A       1%          4
e - Iskenderun's Mystic   Conj/Tloc      52%        2d11      1%          4
f - Fulminant Prism       Conj/Hex       26%        3d14      1%          4
g - Inner Flame           Hex/Fire       25%        N/A       1%          3
h - Irradiate             Conj/Tmut      26%        3d22      2%          5

Your spell library contained the following spells:

 Spells                   Type           Power      Damage    Failure   Level
 Foxfire                  Conj/Fire      100%       2x1d9     1%          1
 Corpse Rot               Necr/Air       100%       N/A       1%          2
 Conjure Flame            Conj/Fire      56%        6-21      1%          3
 Flame Wave               Conj/Fire      56%        2d11      1%          4
 Apportation              Tloc           36%        N/A       2%          1
 Ozocubu's Armour         Ice            18%        N/A       9%          3
 Lee's Rapid Deconstruct  Erth           9%         3d8*      19%         5
 Cause Fear               Hex            9%         N/A       26%         4
 Leda's Liquefaction      Hex/Erth       9%         N/A       26%         4
 Alistair's Intoxication  Tmut/Pois      12%        N/A       56%         5
 Metabolic Englaciation   Hex/Ice        9%         N/A       56%         5
 Simulacrum               Ice/Necr       9%         N/A       98%         6
 Statue Form              Tmut/Erth      12%        N/A       98%         6
 Discord                  Hex            9%         N/A       100%        8


Dungeon Overview and Level Annotations

Branches:
Dungeon (9/15)             Temple (1/1) D:4            Lair (6/6) D:9
  Swamp (0/4) Lair:3        Snake (0/4) Lair:3        Slime (0/5) Lair:5
    Orc (0/2) D:9

Altars:
Ashenzari
Cheibriados
Dithmenos
Elyvilon
Gozag
Kikubaaqudgha
Nemelex Xobeh
Okawaru
Qazlal
Ru
Sif Muna
Trog
Uskayaw
Vehumet
Wu Jian
Xom
Yredelemnul
Zin
The Shining One

Shops:
D:3 =

Annotations:
Lair:2 exclusion: oklob plant
Lair:6 exclusion: oklob plant


Innate Abilities, Weirdness & Mutations

You have a beak for a mouth.
You have claws for feet.
Your magical nature lets you fly swiftly and evasively.


Message History

Press: ? - help, Q - select action, (/) - cycle Dir - move target, f/p - death yak
Aim: a death yak (severely wounded, empty space bonus: 8/8)
You feel a surge of power!
The air twists around and strikes the death yak!
The death yak is almost dead.
Aiming: Airstrike (safe; 1% risk of failure)
Press: ? - help, Q - select action, (/) - cycle Dir - move target, f/p - death yak
Aim: a death yak (almost dead, empty space bonus: 7/8)
You feel a surge of power!
The air twists around and strikes the death yak!
The death yak is almost dead.
The death yak gores you but does no damage.
You hit the death yak but do no damage.
You peck the death yak, but do no damage.
The death yak is almost dead.
You block the death yak's attack.
You hit the death yak.
You kill the death yak!
Vehumet accepts your kill.
You feel your power returning.
Your Air Magic skill increases to level 16!
Magic restored.
Done exploring.
There is a stone staircase leading down here.
You fly downwards.
Level annotation: exclusion: oklob plant The death yak gores you!
The death yak barely misses you. The death yak gores you!!
There is a stone staircase leading up, spattered with blood here.
Blink to where?
Press: ? - help, Dir - move target
As you read the scroll of blinking, it crumbles to dust.
You block the death yak's attack.
Really fly into a travel-excluded area?
The death yak gores you!
* * * LOW HITPOINT WARNING * * *
There is a stone staircase leading up here.
There is a stone staircase leading up, spattered with blood here.
The death yak gores you!!
You die...

..............P..#***##
................#####P###
...........###..........#
...........#............#
#.........##............##
##.............<.........#
##.####.........Y........###
### #.#.......YY.........P#
##.........@.........##
*****#....................#
**,,*.....................P#
,,,,..####.................#
,,,,.#* #.................#
,*,*** ##...............###
**** ###...............# ,*
#P..P.#P..#..#### **
###.P#########


You could see 3 death yaks.

Vanquished Creatures
  2 hydras
  7 death yaks
  A lindwurm (Lair:2)
  A wolf spider (Lair:6)
  2 black mambas (Lair:2)
  Psyche (D:8)
  8 cane toads
  6 komodo dragons
  2 polar bears
  A troll (D:8)
  A hornet (D:8)
  4 dream sheep (Lair:5)
  14 blink frogs
  6 wyverns
  11 yaks
  A ynoxinul (D:8)
  2 basilisks
  The ghost of Ablot the Grasshopper, an amateur GnWr (D:3)
  2 steam dragons
  4 nagas (Lair:3)
  9 water moccasins
  An orc warrior (D:8)
  3 black bears
  An ice beast (D:8)
  A necrophage (D:6)
  An ogre (D:5)
  16 wolves
  A centaur (D:6)
  3 kobold brigands
  7 bullfrogs
  4 scorpions
  9 killer bees
  5 wights (D:8)
  A howler monkey (D:9)
  2 electric eels (Lair:5)
  2 centaur zombies
  4 quasits (D:7)
  A bullfrog skeleton (D:6)
  A hound (D:6)
  A jelly (D:4)
  5 orc priests
  Jessica (D:3)
  A centaur skeleton (D:7)
  6 orc wizards
  3 iguanas
  4 hell rats
  2 hound skeletons
  A howler monkey zombie (D:7)
  Robin (D:3)
  8 adders
  4 gnolls (D:3)
  A howler monkey skeleton (D:5)
  A shadow imp (D:4)
  A white imp (D:5)
  An ufetubus (D:5)
  3 worms
  2 dart slugs
  27 orcs
  6 endoplasms
  2 giant cockroaches
  22 goblins
  17 hobgoblins
  A quokka (D:2)
  6 ball pythons
  6 bats
  2 frilled lizards
  24 kobolds
  7 rats
  2 butterflies (Lair:1)
317 creatures vanquished.

Vanquished Creatures (others)
  16 demonic plants (D:3)
  4 fulminant prisms
  29 fungi
  48 plants
  11 withered plants (D:3)
108 creatures vanquished.

Grand Total: 425 creatures vanquished

Notes
Turn   | Place    | Note
-------+----------+-------------------------------------------
     0 | D:1      | DrunkBamboolord the Tengu Air Elementalist began the quest
                  | for the Orb.
     0 | D:1      | Reached XP level 1. HP: 10/10 MP: 4/4
   144 | D:1      | Reached XP level 2. HP: 9/15 MP: 1/6
   940 | D:1      | Reached XP level 3. HP: 19/19 MP: 4/7
  1540 | D:2      | Reached skill level 5 in Air Magic
  1710 | D:2      | Reached XP level 4. HP: 24/24 MP: 0/8
  2370 | D:3      | Gained mutation: Your magical nature lets you fly swiftly
                  | and evasively. [Tengu growth]
  2370 | D:3      | Reached XP level 5. HP: 16/28 MP: 1/10
  2373 | D:3      | Learned a level 2 spell: Static Discharge
  2377 | D:3      | Learned a level 3 spell: Swiftness
  2382 | D:3      | Learned a level 4 spell: Airstrike
  2553 | D:3      | Noticed Jessica
  2558 | D:3      | Killed Jessica
  2803 | D:3      | Noticed Robin
  2806 | D:3      | Killed Robin
  2833 | D:3      | Reached XP level 6. HP: 26/32 MP: 0/12
  2995 | D:3      | Found a runed translucent door.
  2995 | D:3      | Noticed Ablot's ghost (amateur GnWr)
  3024 | D:3      | Found Ceqogip's Jewellery Boutique.
  3067 | D:3      | Identified the +1 trident of Dishonour {vorpal, rPois rF-
                  | rC+++ Will+}
  3101 | D:3      | Found a faded altar of an unknown god.
  3647 | D:3      | Killed Ablot's ghost
  3648 | D:3      | Reached skill level 6 in Air Magic
  3898 | D:4      | Noticed a black bear
  3906 | D:4      | Killed a black bear
  3907 | D:4      | Reached XP level 7. HP: 36/36 MP: 2/14
  3997 | D:4      | Found a basalt altar of Yredelemnul.
  4035 | D:4      | Found a staircase to the Ecumenical Temple.
  4048 | Temple   | Entered the Ecumenical Temple
  4180 | Temple   | Became a worshipper of Vehumet
  4515 | D:4      | Reached skill level 5 in Conjurations
  4697 | D:4      | Found a glowing silver altar of Zin.
  4803 | D:4      | Found a snail-covered altar of Cheibriados.
  4877 | D:4      | Found an ancient bone altar of Kikubaaqudgha.
  5095 | D:5      | Entered Level 5 of the Dungeon
  5844 | D:5      | Found an ornate altar of the Wu Jian Council.
  5903 | D:5      | Reached skill level 7 in Air Magic
  5903 | D:5      | Reached XP level 8. HP: 41/41 MP: 13/16
  6129 | D:6      | Reached * piety under Vehumet
  6129 | D:6      | Offered knowledge of Foxfire by Vehumet.
  6132 | D:6      | Reached skill level 5 in Spellcasting
  6404 | D:6      | Reached skill level 8 in Air Magic
  6513 | D:6      | Noticed a wyvern
  6517 | D:6      | Killed a wyvern
  6518 | D:6      | Reached skill level 5 in Dodging
  6675 | D:6      | Found a white marble altar of Elyvilon.
  6848 | D:6      | Reached XP level 9. HP: 45/45 MP: 6/18
  6881 | D:6      | Identified the +7 scale mail "Juog" {Rampage rElec}
  7289 | D:7      | Reached skill level 9 in Air Magic
  7487 | D:7      | Found a hide-covered altar of Uskayaw.
  7532 | D:7      | Offered knowledge of Magic Dart by Vehumet.
  7537 | D:7      | Reached ** piety under Vehumet
  8626 | D:8      | Reached skill level 1 in Shields
  8731 | D:8      | Found a bloodstained altar of Trog.
  8731 | D:8      | Noticed a troll
  8748 | D:8      | Killed a troll
  8749 | D:8      | Reached skill level 10 in Air Magic
  8888 | D:8      | Found a shimmering blue altar of Sif Muna.
  8892 | D:8      | Got Sif Muna's Catalogue of Spatial Air
  9088 | D:8      | Noticed a hornet
  9092 | D:8      | Killed a hornet
  9093 | D:8      | Reached XP level 10. HP: 31/50 MP: 13/21
  9280 | D:8      | Noticed Psyche
  9285 | D:8      | Killed Psyche
  9427 | D:8      | Offered knowledge of Poisonous Vapours by Vehumet.
  9922 | D:9      | Found a staircase to the Orcish Mines.
 10160 | D:9      | Reached *** piety under Vehumet
 10178 | D:9      | Noticed a death yak
 10181 | D:9      | Noticed a death yak
 10193 | D:9      | Noticed a death yak
 10245 | D:9      | Killed a death yak
 10246 | D:9      | Reached skill level 11 in Air Magic
 10369 | D:9      | Found a staircase to the Lair.
 10378 | Lair:1   | Entered Level 1 of the Lair of Beasts
 11321 | Lair:2   | Noticed a black mamba
 11323 | Lair:2   | Noticed a death yak
 11324 | Lair:2   | Killed a black mamba
 11324 | Lair:2   | Noticed a death yak
 11325 | Lair:2   | Noticed a death yak
 11326 | Lair:2   | Noticed a death yak
 11500 | Lair:1   | Killed a death yak
 11640 | Lair:1   | Killed a death yak
 11641 | Lair:1   | Reached skill level 12 in Air Magic
 11641 | Lair:1   | Reached XP level 11. HP: 36/54 MP: 2/24
 11918 | Lair:1   | Killed a death yak
 12001 | Lair:1   | Killed a death yak
 12002 | Lair:1   | Reached skill level 10 in Conjurations
 12263 | Lair:2   | Learned a level 4 spell: Iskenderun's Mystic Blast
 12268 | Lair:2   | Learned a level 4 spell: Fulminant Prism
 12280 | Lair:2   | Noticed a lindwurm
 12290 | Lair:2   | Killed a lindwurm
 12291 | Lair:2   | Reached skill level 13 in Air Magic
 12886 | Lair:2   | Offered knowledge of Mephitic Cloud by Vehumet.
 13093 | Lair:2   | Reached skill level 10 in Spellcasting
 13157 | Lair:2   | Noticed an oklob plant
 14092 | Lair:3   | Reached skill level 14 in Air Magic
 14207 | Lair:3   | Found a staircase to the Snake Pit.
 14275 | Lair:3   | Found a staircase to the Swamp.
 14622 | Lair:3   | Reached XP level 12. HP: 59/59 MP: 15/27
 15781 | Lair:4   | Noticed a four-headed hydra
 15797 | Lair:3   | Killed a four-headed hydra
 16268 | Lair:4   | Learned a level 3 spell: Inner Flame
 16298 | Lair:4   | Noticed a boulder beetle
 16883 | Lair:4   | Reached **** piety under Vehumet
 16884 | Lair:4   | Reached skill level 5 in Shields
 17144 | Lair:4   | Reached skill level 15 in Air Magic
 17607 | Lair:4   | Offered knowledge of Irradiate by Vehumet.
 17642 | Lair:4   | Learned a level 5 spell: Irradiate
 17758 | Lair:5   | You are sucked into a shaft and drop 1 floor!
 17758 | Lair:6   | Entered Level 6 of the Lair of Beasts
 17758 | Lair:6   | Noticed a death yak
 17798 | Lair:6   | Noticed a four-headed hydra
 18111 | Lair:5   | Found a staircase to the Slime Pits.
 18135 | Lair:5   | Identified the +5 falchion "Dimiod" {freeze, Will+}
 18161 | Lair:5   | Reached skill level 1 in Fire Magic
 19113 | Lair:6   | Noticed a five-headed hydra
 19113 | Lair:6   | Noticed a death yak
 19127 | Lair:6   | Noticed a death yak
 19129 | Lair:6   | Killed a five-headed hydra
 19130 | Lair:6   | Reached XP level 13. HP: 63/63 MP: 8/30
 19376 | Lair:5   | Reached skill level 16 in Air Magic
 19533 | Lair:6   | Slain by a death yak

Illustrated notes

Levels and vault maps discovered:
D:1:      minmay_arrival_glassed_features, layout_rooms, serial_forest,
          infiniplex_forest_clump_double, infiniplex_forest_end_1,
          infiniplex_forest_end_1, infiniplex_forest_end_2,
          infiniplex_forest_clump_C, infiniplex_forest_clump_double,
          infiniplex_forest_zigzag_1, infiniplex_forest_straight_3,
          chequers_serial_rivers_small_b
D:2:      layout_rooms, minmay_misc_feat_x, columned_hall_lemuel
D:3:      corexii_shack_village, layout_basic, shapermc_ecumenical_altar_gd,
          gammafunk_ghost_grave, serial_shops, shop, uniq_jessica, uniq_robin
D:4:      layout_rooms, mainiacjoe_overflow_large_starburst,
          lemuel_doored_altar, zin_scriptorium, temple_fountains
D:5:      layout_loops_ring, nzn_wu_jian_council_hall
D:6:      layout_cave_pools, lemuel_tele_altar
D:7:      cheibrodos_quashed, layout_loops_ring, nicolae_overflow_crystal_walls
D:8:      layout_basic, nzn_overflow_gifts_of_might_and_magic, uniq_psyche
D:9:      layout_loops_cross, nicolae_hepliaklqana_monster_ancestors,
          dpeg_lair_monsters, orc_0_dummy, kennysheep_generic_room_3
Temple:   minmay_temple_curvy_loop
Lair:1:   layout_loops_ring, serial_bayou_crossing, serial_bayou_shore_b,
          infiniplex_staircase_pool_2, grunt_megastairs_5, lemuel_fruit_fields
Lair:2:   layout_roguey, nicolae_volcano_entry_vermiform, lemuel_fruit_tree
Lair:3:   layout_cellular_growth, swamp_mist,
          minmay_snake_entry_guardpost_medium
Lair:4:   layout_cave_pods
Lair:5:   layout_regular_city, slime_dummy, kennysheep_catoblepas_arena,
          serial_bayou_shore_a, infiniplex_staircase_pool
Lair:6:   guppyfry_lair_end_dragon, layout_cave_pods,
          hangedman_lair_tendril_chambers, chequers_serial_rivers_large_a

Skill      XL: |  1  2  3  4  5  6  7  8  9 10 11 12 13 |
---------------+----------------------------------------+-----
Conjurations   | 2 3 4 5 7 8 9 10 11 | 11.4
Air Magic      | 5 6 7 8 10 12 14 15 16 | 16.0
Spellcasting   | 3 4 5 7 8 10 12 | 12.4
Dodging        | 3 5 6 |  6.6
Stealth        | 3 |  3.3
Shields        | 1 3 4 5 |  5.5
Fire Magic     | 2 |  2.3
Polearms       | |  0.9
Evocations     | |  0.1

Action                   |  1- 3 |  4- 6 |  7- 9 | 10-12 | 13-15 || total
-------------------------+-------+-------+-------+-------+-------++-------
Melee: Unarmed           |    13 |    14 |       |       |       ||    27
       Kick              |     6 |    17 |    13 |    18 |       ||    54
       Peck              |     2 |    11 |     5 |    10 |     1 ||    29
       Trident           |       |    50 |    33 |   126 |     4 ||   213
 Cast: Shock             |    73 |    81 |   214 |    48 |       ||   416
       Static Discharge  |       |    10 |    37 |    10 |       ||    57
       Airstrike         |       |       |    14 |   274 |    10 ||   298
       Inner Flame       |       |       |       |    10 |     3 ||    13
       Iskenderun's Myst |       |       |       |     4 |     2 ||     6
       Fulminant Prism   |       |       |       |     4 |       ||     4
       Irradiate         |       |       |       |     2 |       ||     2
Evoke: Wand              |       |       |     1 |       |       ||     1
  Use: Scroll            |       |     2 |     5 |    17 |     1 ||    25
       Potion            |       |       |       |     1 |       ||     1
 Stab: Sleeping          |       |     2 |       |       |       ||     2
       Distracted        |       |     1 |       |       |       ||     1
Armor: Robe              |     5 |     3 |     7 |    14 |     1 ||    30
       Steam dragon scal |       |       |     7 |     1 |       ||     8
Dodge: Dodged            |    11 |    32 |   106 |    69 |     3 ||   221
Block: Buckler           |       |       |    16 |    71 |     3 ||    90
       Reflection        |       |       |       |     2 |       ||     2
